 Dungeon Crawl Stone Soup version 0.31-a0-331-geda263fcf1 (webtiles) character file.

Game seed: 10847636392630073236

2140 bmack86 the Cleaver (level 9, 0/65 (70) HPs)
             Began as a Minotaur Fighter on July 19, 2023.
             Was an Initiate of Gozag.
             Slain by a wight
             ... wielding a +0 mace
              (2 damage)
             ... on level 7 of the Dungeon.
             The game lasted 00:11:40 (4562 turns).

bmack86 the Cleaver (Minotaur Fighter)              Turns: 4562, Time: 00:11:42

HP:   0/65 (70)     AC: 11    Str: 26    XL:     9   Next: 9%
MP:   8/8           EV: 13    Int:  5    God:    Gozag
Gold: 1316          SH:  4    Dex:  9    Spells: 8/8 levels left

rFire   . . .        a - +1 war axe
rCold   . . .        c - +0 buckler
rNeg    . . .        o - +0 chain mail
rPois   .            (helmet restricted)
rElec   .            (no cloak)
rCorr   .            (no gloves)
SInv    .            k - +1 pair of boots
Will    +....        (no amulet) Stlth
                     l - ring of willpower
HPRegen 0.30/turn    w - +5 ring of evasion
MPRegen 0.11/turn

%: no passive effects
@: gold aura, drained
A: horns 2, retaliatory headbutt
a: Renounce Religion, Potion Petition, Call Merchant, Bribe Branch


You were on level 7 of the Dungeon.
You worshipped Gozag.
Gozag was most pleased with you.
You visited 2 branches of the dungeon, and saw 8 of its levels.

You collected 1393 gold pieces.
You paid 77 gold pieces to Gozag.

Inventory:

Hand Weapons
 a - a +1 war axe (weapon)
Missiles
 f - 15 poisoned darts
 g - 10 boomerangs (quivered)
 B - 2 javelins
Armour
 b - a +0 scale mail
 c - a +0 buckler (worn)
 k - a +1 pair of boots (worn)
 o - a +0 chain mail (worn)
Jewellery
 e - an amulet of faith
 j - a +6 ring of intelligence
 l - a ring of willpower (left hand)
 w - a +5 ring of evasion (right hand)
 x - a ring of magical power
Talismans
 s - a granite talisman
 A - a serpent talisman
Wands
 z - a wand of polymorph (10)
Scrolls
 h - 2 scrolls of enchant armour
 m - 2 scrolls of teleportation
 p - a scroll of torment {unknown}
 y - a scroll of amnesia
Potions
 d - 2 potions of might
 i - a potion of lignification {unknown}
 n - 2 potions of curing
 q - a potion of berserk rage {unknown}
 u - a potion of magic {unknown}
 v - a potion of attraction


   Skills:
 - Level 3.6 Fighting
 + Level 14.3 Axes
 - Level 3.6 Armour
 - Level 3.6 Shields


You had 8 spell levels left.
You didn't know any spells.
Your spell library contained the following spells:

 Spells                   Type           Power      Damage    Failure   Level
 Apportation              Tloc           0%         N/A       97%         1
 Freeze                   Ice            0%         1d3       97%         1
 Necrotise                Necr           0%         1d4       97%         1
 Summon Small Mammal      Summ           0%         N/A       97%         1
 Frozen Ramparts          Ice            0%         1d1       100%        3
 Gell's Gravitas          Tloc           0%         N/A       100%        3
 Hailstorm                Conj/Ice       0%         3d3       100%        3
 Teleport Other           Tloc           0%         N/A       100%        3
 Passage of Golubria      Tloc           0%         N/A       100%        4
 Summon Ice Beast         Ice/Summ       0%         N/A       100%        4
 Silence                  Hex/Air        0%         N/A       100%        5
 Dispersal                Tloc           0%         N/A       100%        6
 Lehudib's Crystal Spear  Conj/Erth      0%         10d2      100%        8
 Simulacrum               Ice/Necr       Unusable   N/A       N/A         6

Dungeon Overview and Level Annotations

Branches:
Dungeon (7/15)             Temple (1/1) D:5

Altars:
Cheibriados
Dithmenos
Elyvilon
Fedhas
Gozag
Kikubaaqudgha
Nemelex Xobeh
Okawaru
Qazlal
Ru
Sif Muna
Trog
Uskayaw
Wu Jian
Xom
Yredelemnul
Zin
The Shining One

Shops:
D:3 ?   D:7 =

Annotations:
D:7 Pikel


Innate Abilities, Weirdness & Mutations

You have a pair of horns on your head.
You reflexively headbutt those who attack you in melee.


Message History

That felt strangely unrewarding.
You slash the wight!
You destroy the wight!
You closely miss the lemure. The lemure hits you but does no damage.
You barely miss the wight. You hit the wight. You completely miss the lemure.
The wight completely misses you. The wight hits you with a +0 mace!
* * * LOW HITPOINT WARNING * * *
The lemure closely misses you.
Unknown command.
You hit the wight but do no damage. You headbutt the wight!
You destroy the wight!
You closely miss the lemure. You hit the wight.
Unknown command.
You barely miss the wight.
The wight is lightly damaged.
You barely miss the lemure. The lemure hits you.
* * * LOW HITPOINT WARNING * * *
The wight barely misses you.
You hit the wight but do no damage.
The wight is lightly damaged.
You hit the lemure. You hit the lemure but do no damage.
Pikel is no longer distracted by gold.
The lemure hits you but does no damage. The wight hits you with a +0 mace!
* * * LOW HITPOINT WARNING * * *
You feel drained.
* * * LOW HITPOINT WARNING * * *
You block the lemure's attack.
You closely miss the wight.
The wight is lightly damaged.
You slash the lemure! You miss Pikel. You closely miss the lemure.
The lemure barely misses you. You block the wight's attack.
Pikel barely misses you. The lemure hits you but does no damage.
Unknown command.
You barely miss the wight.
The wight is lightly damaged.
You barely miss the lemure. You slash Pikel! You slash the lemure!
The lemure hits you.
* * * LOW HITPOINT WARNING * * *
The wight hits you with a +0 mace.
You die...
Your body crumbles into a pile of gold.

#.........z.#. #.............
#........z..#. #.......[...z.
#......# #######.....$#
#............# #..........55#
.............z@#######
♣.♣.♣........K.......#
#.#.................#
♣.♣................#
∩.#.................#
♣.♣.♣.#########......#########
.#.#.. #..............#
#..............#
#..............#


You could see Pikel, 2 lemures and a wight.

Vanquished Creatures
  Menkaure (D:4)
  2 water moccasins (D:6)
  An ice beast (D:5)
  A sky beast (D:6)
  2 black bears
  4 phantoms
  2 lemures (D:7)
  A bullfrog (D:4)
  5 scorpions
  7 wights
  A hound (D:6)
  2 jellies
  Ijyb (D:4)
  An orc priest (D:5)
  2 orc wizards (D:4)
  7 gnolls
  7 adders
  A shadow imp (D:5)
  A white imp (D:6)
  An ufetubus (D:4)
  A worm (D:4)
  5 dart slugs
  15 orcs
  4 bats
  9 endoplasms
  3 giant cockroaches
  3 goblins (D:1)
  4 hobgoblins
  11 kobolds
  3 quokkas
  9 ball pythons
  A frilled lizard (D:2)
  A rat (D:1)
119 creatures vanquished.

Vanquished Creatures (others)
  An ufetubus (D:6)
1 creature vanquished.

Grand Total: 120 creatures vanquished

Notes
Turn   | Place    | Note
-------+----------+-------------------------------------------
     0 | D:1      | bmack86 the Minotaur Fighter began the quest for the Orb.
     0 | D:1      | Reached XP level 1. HP: 19/19 MP: 0/0
   179 | D:1      | Reached skill level 3 in Axes
   442 | D:1      | Reached XP level 2. HP: 24/26 MP: 1/1
   638 | D:1      | Reached skill level 4 in Axes
   746 | D:2      | Reached XP level 3. HP: 29/31 MP: 2/2
   843 | D:2      | Reached skill level 5 in Axes
   881 | D:2      | Reached XP level 4. HP: 36/39 MP: 3/3
  1334 | D:3      | Found an ornate altar of the Wu Jian Council.
  1482 | D:3      | Found Dicawiek's Magic Scroll Emporium.
  1652 | D:4      | Noticed a phantom
  1663 | D:4      | Killed a phantom
  1664 | D:4      | Reached skill level 6 in Axes
  1664 | D:4      | Reached XP level 5. HP: 45/45 MP: 4/4
  1684 | D:4      | Noticed Ijyb
  1709 | D:4      | HP: 1/45 [bullfrog (6)]
  1720 | D:4      | Reached skill level 7 in Axes
  1854 | D:4      | Killed Ijyb
  2031 | D:4      | Reached XP level 6. HP: 46/51 MP: 5/5
  2092 | D:4      | Reached skill level 8 in Axes
  2161 | D:4      | Noticed Menkaure
  2169 | D:4      | Killed Menkaure
  2170 | D:4      | Reached skill level 9 in Axes
  2466 | D:4      | Found a large runed translucent door.
  2469 | D:4      | Found a large runed translucent door.
  2485 | D:4      | Found a sparkling altar of Nemelex Xobeh.
  2495 | D:4      | Found a hide-covered altar of Uskayaw.
  2507 | D:4      | Reached XP level 7. HP: 53/57 MP: 6/6
  2894 | D:5      | Entered Level 5 of the Dungeon
  2909 | D:5      | Found a staircase to the Ecumenical Temple.
  2921 | D:5      | Reached skill level 10 in Axes
  2927 | Temple   | Entered the Ecumenical Temple
  2986 | Temple   | Became a worshipper of Gozag Ym Sagoz the Greedy
  3048 | D:5      | Reached skill level 11 in Axes
  3058 | D:5      | Reached XP level 8. HP: 61/64 MP: 7/7
  3362 | D:5      | Identified a scroll of acquirement
  3362 | D:5      | Acquired 798 gold pieces
  3423 | D:6      | Reached skill level 12 in Axes
  3936 | D:6      | Reached skill level 13 in Axes
  3974 | D:6      | Found a white marble altar of Elyvilon.
  4281 | D:6      | Reached skill level 14 in Axes
  4281 | D:6      | Reached XP level 9. HP: 56/70 MP: 8/8
  4529 | D:7      | Found Vula's Jewellery Shoppe.
  4542 | D:7      | Noticed Pikel
  4560 | D:7      | HP: 2/65 [wight/+0 mace (3)]
  4562 | D:7      | Slain by a wight

Illustrated notes

Levels and vault maps discovered:
D:1:      lightli_arrival_windingriver, layout_loops_ring, minmay_pentomino_t2
D:2:      layout_rooms, grunt_decor_mini_mirrors
D:3:      layout_basic, mainiacjoe_overflow_alcove_1, serial_shops,
          nicolae_shop_competitors_out_of_business
D:4:      layout_basic, jmf_multi_god_temple2, uniq_ijyb, uniq_menkaure
D:5:      layout_rooms, minmay_temple_entry_hall
D:6:      layout_cave_pods, elyvilon_altar_4
D:7:      layout_gridville, lemuel_round_altar, serial_glass, glass_columns_a,
          glass_columns_b, glass_columns_b, glass_columns_a,
          minmay_shop_grid_forest, uniq_crazy_yiuf_cottage, uniq_pikel,
          uniq_maggie
Temple:   minmay_temple_curvy_branch

Skill      XL: |  1  2  3  4  5  6  7  8 |
---------------+-------------------------+-----
Axes           | 3 4 5 6 7 9 11 14 | 14.3
Fighting       | |  3.6
Armour         | |  3.6
Shields        | |  3.6

Action                     |  1- 3 |  4- 6 |  7- 9 || total
---------------------------+-------+-------+-------++-------
  Melee: War axe           |    49 |    90 |   117 ||   256
         Headbutt          |     2 |    15 |    18 ||    35
         Unarmed           |       |     4 |       ||     4
  Throw: Boomerang         |       |     3 |     6 ||     9
    Use: Potion            |       |     4 |       ||     4
         Scroll            |       |       |    10 ||    10
   Stab: Invisible         |       |     1 |       ||     1
 Armour: Scale mail        |     5 |       |       ||     5
         Chain mail        |    30 |    37 |    51 ||   118
  Dodge: Dodged            |    19 |    58 |    93 ||   170
  Block: Buckler           |    14 |    24 |    31 ||    69

Table legend: (Time is in decaauts)
 A = Elapsed time spent in this place.
 B = Non-inter-level travel time spent in this place.
 C = Inter-level travel time spent in this place.
 D = Time resting spent in this place.
 E = Time spent auto-exploring this place.
 F = Levels seen in this place.
 G = Mean time per level.
                   A        B        C        D        E       F      G
               +--------+--------+--------+--------+--------+-----+--------+
         Total |   4532 |   4348 |    184 |      0 |   2960 |   8 |  566.5 |
       Dungeon |   4450 |   4314 |    136 |      0 |   2960 |   7 |  635.7 |
        Temple |     81 |     33 |     48 |      0 |      0 |   1 |   81.0 |
               +--------+--------+--------+--------+--------+-----+--------+

Top non-repeatable levels by time:
     D:4: 1237 daAuts
     D:6: 1102 daAuts
     D:1: 751 daAuts
     D:3: 447 daAuts
     D:2: 435 daAuts
     D:5: 423 daAuts
  Temple: 81 daAuts
     D:7: 53 daAuts
